 Dungeon Crawl Stone Soup version 0.20.1-1-g8b1a95d (webtiles) character file.

342 homeworkjunkie the Chopper (level 6, -6/53 HPs)
             Began as a Hill Orc Fighter on Nov 17, 2017.
             Mangled by Grinder (8 damage)
             ... on level 4 of the Dungeon.
             The game lasted 00:03:32 (1515 turns).

homeworkjunkie the Chopper (Hill Orc Fighter)       Turns: 1515, Time: 00:03:33

Health: -6/53      AC: 10    Str: 20    XL:     6   Next: 57%
Magic:  6/6        EV:  5    Int:  8    God:
Gold:   122        SH:  9    Dex: 11    Spells: 5/5 levels left

rFire    . . .     SeeInvis .   a - +0 war axe
rCold    . . .     Gourm    .   c - +0 shield
rNeg     . . .     Faith    .   m - +0 chain mail
rPois    .         Spirit   .   g - +0 helmet
rElec    .         Reflect  .   (no cloak)
rCorr    .         Harm     .   (no gloves)
MR       .....                  (no boots)
Stlth    ..........             (no amulet)
Regen    0.2/turn               l - ring of stealth
MPRegen  0.1/turn               (no ring)

@: no status effects
A: no striking features
a: no special abilities


You were on level 4 of the Dungeon.
You were not hungry.

You visited 1 branch of the dungeon, and saw 5 of its levels.

You collected 122 gold pieces.

Inventory:

Hand Weapons
 a - a +0 war axe (weapon)
Missiles
 j - 4 tomahawks (quivered)
Armour
 c - a +0 shield (worn)
 g - a +0 helmet (worn)
 m - a +0 chain mail (worn)
Jewellery
 l - a ring of stealth (left hand)
Wands
 e - a wand of clouds (3/9)
Scrolls
 k - a scroll of immolation
Potions
 d - a potion of might
 h - a potion of heal wounds
 i - a potion of brilliance
Comestibles
 f - 2 bread rations


   Skills:
 * Level 4.7 Fighting
 * Level 6.0 Axes
 * Level 4.6 Armour
 + Level 1.0 Dodging
 * Level 4.0 Shields
 * Level 1.0 Evocations


You had 5 spell levels left.
You didn't know any spells.

Dungeon Overview and Level Annotations

Branches:
Dungeon (5/15)
 Temple: D:4-7

Altars:

Annotations:
D:4 Grinder


Message History

Grinder says, "There's only one good use for a tongue: cutting it out."
Grinder hits you.
You writhe in agony.
Grinder hits you.
You writhe in agony.
You closely miss Grinder.
Grinder is severely wounded.
Grinder says, "I used to sell toenails on the black market."
Grinder hits you but does no damage.
Your chain mail prevents you from hitting Grinder.
Grinder is severely wounded.
Grinder gestures at you. Pain shoots through your body!
You barely miss Grinder.
Grinder is severely wounded.
Grinder hits you!
* * * LOW HITPOINT WARNING * * *
You writhe in agony.
* * * LOW HITPOINT WARNING * * *
You barely miss Grinder.
Grinder is severely wounded.
You block Grinder's attack. Grinder hits you!
You die...

. #.. #.#.#. #.#.##.
...#. . ..#.#..
....#.# ......
....... ..#.#..
....... ..#....
..§§... .......
#####§§§.... .......
#########..@5.......
.......
#........####.......
....... #.......##
....... ..#....
#.......# .......
..#.... #.......#
##....... .......
#.......# .........
.......
#.......###.......).
.......
#...........###.....
#.###..
#......#†...# #. ##.


You could see Grinder.

Vanquished Creatures
  A sky beast (D:3)
  An orc wizard (D:4)
  2 bullfrog skeletons (D:4)
  A worker ant (D:4)
  Robin (D:3)
  5 adders
  2 oozes
  4 leopard geckos
  8 orcs
  5 giant cockroaches
  13 goblins
  6 hobgoblins
  2 jackals (D:3)
  2 quokkas (D:2)
  6 bats
  3 frilled lizards
  7 rats
69 creatures vanquished.

Notes
Turn   | Place    | Note
-------+----------+-------------------------------------------
     0 | D:1      | homeworkjunkie the Hill Orc Fighter began the quest for the Orb.
     0 | D:1      | Reached XP level 1. HP: 19/19 MP: 1/1
   102 | D:1      | Reached XP level 2. HP: 18/27 MP: 2/2
   302 | D:2      | Reached skill level 3 in Axes
   322 | D:2      | Reached XP level 3. HP: 18/33 MP: 3/3
   559 | D:3      | Reached XP level 4. HP: 32/40 MP: 4/4
   695 | D:3      | Noticed a sky beast
   709 | D:3      | Killed a sky beast
   709 | D:3      | Reached skill level 4 in Axes
   709 | D:3      | Reached XP level 5. HP: 20/47 MP: 5/5
   927 | D:4      | Reached skill level 5 in Axes
   986 | D:5      | Entered Level 5 of the Dungeon
  1123 | D:3      | Reached skill level 1 in Dodging
  1130 | D:3      | Noticed Robin
  1154 | D:3      | Killed Robin
  1154 | D:3      | Reached XP level 6. HP: 43/53 MP: 6/6
  1487 | D:4      | Noticed Grinder
  1491 | D:4      | Reached skill level 6 in Axes
  1495 | D:4      | Reached skill level 1 in Evocations
  1504 | D:4      | Paralysed by Grinder for 2 turns
  1514 | D:4      | HP: 2/53 [Grinder (6)]
  1515 | D:4      | Mangled by Grinder

Skill      XL: |  1  2  3  4  5  6 |
---------------+-------------------+-----
Fighting       | 4 |  4.7
Axes           | 3 4 5 6 |  6.0
Armour         | 4 |  4.6
Shields        | 4 |  4.0
Dodging        | 1 |  1.0
Evocations     | 1 |  1.0

Action                   |  1- 3 |  4- 6 || total
-------------------------+-------+-------++-------
Melee: War axe           |    92 |   128 ||   220
Evoke: Wand              |       |     1 ||     1
  Use: Scroll            |     5 |       ||     5
       Potion            |       |     1 ||     1
  Eat: Bread ration      |       |     1 ||     1
Armor: Scale mail        |    70 |    50 ||   120
       Chain mail        |       |    23 ||    23
Dodge: Dodged            |    47 |    35 ||    82
Block: Shield            |    63 |    63 ||   126
